 Dungeon Crawl Stone Soup version 0.31.0-11-ge490571c62 (webtiles) character file.

Game seed: 16450319277406308464

532932 hernaldog the Slayer (level 24, 0/245 HPs)
             Began as a Minotaur Berserker on Jan 21, 2024.
             Was a High Priest of Trog.
             Killed from afar by an orb of fire (17 damage)
             ... with a bolt of fire
             ... on level 4 of the Realm of Zot on Jan 28, 2024.
             The game lasted 12:04:47 (95269 turns).

hernaldog the Slayer (Minotaur Berserker)          Turns: 95269, Time: 12:04:47

Health: 0/245      AC: 33    Str: 33    XL:     24   Next: 48%
Magic:  0/19       EV: 19    Int:  0    God:    Trog [*****.]
Gold:   1245       SH: 33    Dex: 18    Spells: 23/23 levels left

rFire   + + .        V - +1 war axe of Unreason {flame, rN++ Str+5 Dex+3}
rCold   + . .        N - +8 tower shield
rNeg    + + .        c - +6 chain mail of Leapfrog {^Drain rElec Will++}
rPois   +            (helmet restricted)
rElec   +            M - +0 cloak of Gluttony {^Contam rPois Will+}
rCorr   +            G - +2 pair of gloves
SInv    .            m - +2 pair of boots
Will    ++++.        X - amulet "Gaimikua" {Spirit rPois rCorr Dex-2} Stlth
                     r - ring "Qupuac" {rF+ rC+ Dex+3}
HPRegen 0.60/turn    A - ring of Azxunnan {rF+ rCorr}
MPRegen 0.16/turn

%: guardian spirit
@: on berserk cooldown, slowed, lost intelligence, studying Shields, unable to
read, very slow
A: horns 2, retaliatory headbutt, clumsy 1, dopey 2, low MP 1, teleportitis 1,
subdued magic 1, MP-powered wands
}: 3/15 runes: barnacled, silver, gossamer
a: Renounce Religion, Berserk, Trog's Hand, Brothers in Arms


You were on level 4 of the Realm of Zot.
You worshipped Trog.
Trog was extremely pleased with you.
You visited 10 branches of the dungeon, and saw 46 of its levels.

You collected 5337 gold pieces.
You spent 4092 gold pieces at shops.

Inventory:

Hand Weapons
 a - the +1 war axe "Odwuguv" {venom, rPois Str+2 Dex+3}
   (You took it off an orc wizard on level 11 of the Dungeon)

   Str+2:     It affects your strength (+2).
   Dex+3:     It affects your dexterity (+3).
   rPois:     It protects you from poison
 l - a +3 spectral flail
 u - the +6 hand axe "Reasonable Earthworm" {flame, rC+ Str+4}
   (Trog gifted it to you on level 1 of the Spider Nest)

   Str+4:     It affects your strength (+4).
   rC+:       It protects you from cold.
 V - the +1 war axe of Unreason (weapon) {flame, rN++ Str+5 Dex+3}
   (Trog gifted it to you on level 2 of the Spider Nest)

   Str+5:     It affects your strength (+5).
   Dex+3:     It affects your dexterity (+3).
   rN++:      It greatly protects you from negative energy.
Missiles
 n - 17 atropa-tipped darts
 s - 2 throwing nets
 t - 8 javelins
 B - 20 boomerangs (quivered)
 S - 47 poisoned darts
 W - 12 curare-tipped darts
Armour
 c - the +6 chain mail of Leapfrog (worn) {^Drain rElec Will++}
   (You bought it in a shop on level 1 of the Elven Halls)

   rElec:     It insulates you from electricity.
   Will++:    It greatly increases your willpower.
   ^Drain:    It drains your maximum health when unequipped.
 i - +0 gold dragon scales
 m - a +2 pair of boots (worn)
 C - +1 shadow dragon scales
 G - a +2 pair of gloves (worn)
 M - the +0 cloak of Gluttony (worn) {^Contam rPois Will+}
   (You bought it in a shop on level 2 of the Orcish Mines)

   rPois:     It protects you from poison Will+: It increases your willpower.
   ^Contam:   It causes magical contamination when unequipped.
 N - a +8 tower shield (worn)
 T - the +3 scale mail of Niriyfuck {+Inv rF+ Will+}
   (You found it on level 2 of the Lair of Beasts)

   rF+:       It protects you from fire.
   Will+:     It increases your willpower.
   +Inv:      It lets you turn invisible.
Jewellery
 h - a ring of see invisible
 r - the ring "Qupuac" (left hand) {rF+ rC+ Dex+3}
   (You found it on level 10 of the Dungeon)

   [ring of protection from fire]

   Dex+3:     It affects your dexterity (+3).
   rF+:       It protects you from fire.
   rC+:       It protects you from cold.
 v - a ring of protection from cold
 A - the ring of Azxunnan (right hand) {rF+ rCorr}
   (You took it off a deep elf annihilator on level 5 of the Vaults)

   [ring of resist corrosion]

   rF+:       It protects you from fire.
   rCorr:     It protects you from acid and corrosion.
 L - a ring of resist corrosion
 P - an amulet of reflection
 Q - a ring of flight
 X - the amulet "Gaimikua" (around neck) {Spirit rPois rCorr Dex-2}
   (You bought it in a shop on level 2 of the Depths)

   [amulet of guardian spirit]

   Spirit:    It causes incoming damage to be divided between your reserves of
   health and magic.
   Dex-2:     It affects your dexterity (-2).
   rPois:     It protects you from poison rCorr: It protects you from acid and
   corrosion.
 Y - the ring of Zodwomic {rN+ Will+ Int+6}
   (You bought it in a shop on level 2 of the Depths)

   [ring of intelligence]

   Int+6:     It affects your intelligence (+6).
   rN+:       It protects you from negative energy.
   Will+:     It increases your willpower.
Wands
 D - a wand of flame (44)
 H - a wand of light (3)
 K - a wand of digging (9)
 O - a wand of charming (27)
 R - a wand of polymorph (25)
 U - a wand of mindburst (11)
 Z - a wand of roots (20)
Scrolls
 b - a scroll of blinking
 g - 5 scrolls of fear
 o - 7 scrolls of revelation
 p - 3 scrolls of silence
 q - 13 scrolls of teleportation
 x - 8 scrolls of fog
 y - 5 scrolls of butterflies
 E - 6 scrolls of poison
Potions
 d - 6 potions of might
 e - 4 potions of invisibility
 f - 3 potions of cancellation
 j - 28 potions of curing
 k - 9 potions of heal wounds
 w - 4 potions of haste
 z - 5 potions of resistance
 I - 8 potions of enlightenment
Miscellaneous
 F - a lightning rod (2/4)
 J - a phantom mirror


   Skills:
 + Level 26.3 Fighting
 - Level 20.0 Axes
 + Level 14.3 Throwing
 + Level 25.9 Armour
 - Level 15.0 Dodging
 + Level 24.6 Shields
 - Level 10.0 Evocations


You had 23 spell levels left.
You didn't know any spells.
Your spell library was empty.

Dungeon Overview and Level Annotations

Branches:
Dungeon (15/15)            Temple (0/1) D:4            Lair (5/5) D:11
 Shoals (4/4) Lair:2       Spider (4/4) Lair:2        Slime (0/5) Lair:4
    Orc (2/2) D:11            Elf (1/3) Orc:2        Vaults (5/5) D:13
  Crypt (1/3) Vaults:3     Depths (4/4) D:15            Zot (5/5) Depths:4

Altars:
Cheibriados
Fedhas
Nemelex Xobeh
Uskayaw
Vehumet
Wu Jian
Zin
Jiyva

Shops:
D:3 *   D:5 ?   D:8 !   D:14 [   Orc:2 (:[*   Elf:1 *[[   Vaults:4 (
Vaults:5 !??   Depths:1 [[[   Depths:2 =   Depths:3 ::=

Portals:
Hell: Depths:1 Depths:2 Depths:3
Abyss: Depths:3 Depths:4
Pandemonium: Depths:2
Ziggurat: Depths:4
Trove: D:12 (give 14 potions of heal wounds)

Annotations:
Spider:3 3 runed translucent doors, croobank's ghost, adept FeSu
Elf:1 3 runed translucent doors, Fijesust's ghost, adept MiBe; Qebbeiho's ghost, adept OpSh
Vaults:1 36 runed translucent doors
Depths:4 3 runed translucent doors, Wjakstry's ghost, adept MiBe
Zot:5 3 runed translucent doors, Patrick2011b's ghost, veteran OnGl


Innate Abilities, Weirdness & Mutations

You have a pair of horns on your head.
You reflexively headbutt those who attack you in melee.
You are clumsy. (Dex -2)
You are very dopey. (Int -4)
Your magical capacity is low. (-10% MP)
You are occasionally teleported next to monsters.
Your spells are a little easier to cast, but a little less powerful.
You expend magic power (3 MP) to strengthen your wands.


Message History

The bolt of fire misses you.
The orb of fire glows bright magenta.
The fireball explodes!
The fireball engulfs you!! You resist.
* * * LOW MAGIC WARNING * * *;
* * * LOW HITPOINT WARNING * * *
The fireball engulfs the orb of fire.
The orb of fire completely resists.
The fireball engulfs the orb of fire.
The orb of fire completely resists.
The fireball engulfs the orb of fire.
The orb of fire completely resists.
The orb of fire glows red.
The fireball explodes!
The fireball engulfs you!! You resist.
* * * LOW MAGIC WARNING * * *;
* * * LOW HITPOINT WARNING * * *
The fireball engulfs the orb of fire.
The orb of fire completely resists.
The fireball engulfs the orb of fire.
The orb of fire completely resists.
The fireball engulfs the orb of fire.
The orb of fire completely resists.
The orb of fire glows deep purple.
The bolt of fire hits you. You resist.
* * * LOW HITPOINT WARNING * * *
The bolt of fire hits the orb of fire.
The orb of fire completely resists.
You cannot read scrolls in your current state!
You barely miss the orb of fire. Your headbutt misses the orb of fire.
The orb of fire is almost destroyed.
You hit the orb of fire but do no damage.
You miss the orb of fire.
The orb of fire glows yellow.
The fireball explodes!
The fireball engulfs you! You resist.
* * * LOW MAGIC WARNING * * *;
* * * LOW HITPOINT WARNING * * *
The fireball engulfs the orb of fire.
The orb of fire completely resists.
The fireball engulfs the orb of fire.
The orb of fire completely resists.
The fireball engulfs the orb of fire.
The orb of fire completely resists.
You cannot read scrolls in your current state!
You feel much better.
The orb of fire glows deep purple.
The fireball explodes!
The fireball engulfs you! You resist.
* * * LOW HITPOINT WARNING * * *
The fireball engulfs the orb of fire.
The orb of fire completely resists.
The fireball engulfs the orb of fire.
The orb of fire completely resists.
The fireball engulfs the orb of fire.
The orb of fire completely resists.
The orb of fire glows yellow.
The bolt of fire hits you!! You resist.
* * * LOW MAGIC WARNING * * *
You die...

...,**,,,.........#....#.#....##.
,..,,,,*,........#.......##...##.
.,.,,,**,........#............###
.#,,,,,*,........##............##
,*,,,,,,,.......................#
*,,,,,,,,........................
,,,,,,,,,........#.......###.....
,,**,,,,,........##..##...#......
,,,*,,*,,.....#*@*#...#..#.#.....
,,**,***,......*..............)..
,,**,,**,......###...$........##.
,,*,,,,*,.............#.......##.
,,,,*,,,,..#.#................##.
,,,,,,,,,....#................#..
,,,,,,,,,..#.............^.......
,,,,,,,,,.#*.$.##...#............
,,,,,,,,,,,,,......^.....).......


You could see 3 orbs of fire.

Vanquished Creatures
  2 dread liches
  3 orbs of fire
  A juggernaut (Depths:3)
  Xtahua (Depths:3)
  Boris (Depths:3)
  A caustic shrike (Depths:1)
  5 golden dragons
  A golden dragon (shapeshifter) (Zot:2)
  Arachne (Spider:2)
  Norris (Elf:1)
  Jorgrun (D:14)
  2 liches
  12 tentacled monstrosities
  8 Orb Guardians (Zot:5)
  A walking earthen tome (Depths:3)
  4 sphinxes
  4 quicksilver dragons
  3 quicksilver dragons (shapeshifter) (Zot:2)
  4 titans (Vaults:5)
  9 death cobs
  Gastronok (Lair:1)
  Polyphemus (Shoals:2)
  A kraken (Shoals:2)
  9 tengu reavers
  12 shadow dragons
  6 storm dragons
  Kirke (D:14)
  Ilsuiw (Shoals:3)
  Roxanne (D:14)
  6 protean progenitors
  8 frost giants
  Aizul (Shoals:4)
  3 draconian monks (Zot:2)
  6 fire giants
  Donald (Spider:4)
  3 deep elf sorcerers
  4 emperor scorpions (Spider:4)
  A draconian shifter (Zot:1)
  A deep elf elementalist (Elf:1)
  7 ghost moths
  21 vault wardens
  2 orc warlords
  A draconian stormcaller (Depths:4)
  A broodmother (Spider:1)
  20 ironbound preservers
  13 stone giants
  5 formless jellyfish
  13 very ugly things
  4 ironbound thunderhulks
  A vampire knight (Depths:3)
  5 green draconians
  5 white draconians
  A spark wasp (Spider:4)
  A black draconian (Zot:2)
  A bunyip (Vaults:1)
  10 dire elephants
  9 deep elf annihilators
  2 deep elf demonologists
  3 purple draconians
  3 red draconians
  4 war gargoyles
  3 yellow draconians (Zot:1)
  5 crystal guardians
  6 statues (Depths:2)
  A green death (Depths:2)
  5 merfolk javelineers
  8 ettins
  A deep elf high priest (Vaults:5)
  7 entropy weavers
  6 merfolk impalers
  12 yaktaur captains
  3 jiangshi (Depths:1)
  A fire dragon (Depths:3)
  4 salamander tyrants
  3 rakshasas
  34 vault guards
  4 great orbs of eyes
  6 hydras
  Harold (D:10)
  5 peacekeepers
  9 ice dragons
  A catoblepas (shapeshifter) (Zot:2)
  An alligator snapping turtle (Shoals:4)
  9 centaur warriors
  8 radroaches
  12 ironbound frosthearts
  7 merfolk avatars
  2 ogre magi (Vaults:5)
  3 jorogumos
  3 spriggan air magi
  5 catoblepae
  3 death knights
  6 dancing weapons (Elf:1)
  2 alligators (Zot:2)
  13 boulder beetles
  2 satyrs (Shoals:3)
  5 merfolk aquamancers
  A two-headed ogre (shapeshifter) (D:15)
  13 deep troll earth magi
  8 two-headed ogres
  15 death yaks
  13 deep troll shamans
  4 tengu warriors
  2 vampire magi
  5 demonic crawlers
  A shock serpent (shapeshifter) (Depths:1)
  4 orc high priests
  2 spriggan berserkers
  Sonja (Lair:1)
  16 hell knights
  14 iron trolls
  3 deep elf knights (Elf:1)
  A titan zombie (Vaults:4)
  Amaemon (Lair:1)
  Nergalle (Lair:1)
  4 occultists
  5 skeletal warriors (D:14)
  9 skysharks
  A sun demon (Depths:2)
  10 pharaoh ants
  A sea snake (shapeshifter) (Vaults:5)
  2 flayed ghosts
  A fire crab (shapeshifter) (Vaults:5)
  2 glowing orange brains
  8 sea snakes
  A deep troll (shapeshifter) (Depths:4)
  6 orb spiders
  74 deep trolls
  6 arcanists
  A glowing orange brain (shapeshifter) (Vaults:5)
  5 wolf spider zombies (Spider:4)
  22 ironbound convokers
  7 steelbarb worms
  A tengu zombie (Depths:1)
  15 deep elf pyromancers
  A shadow dragon zombie (Depths:1)
  8 orc knights
  13 deep elf zephyrmancers (Elf:1)
  9 harpies
  5 deep elf archers (Elf:1)
  5 necromancers
  7 orc sorcerers
  65 ugly things
  25 wolf spiders
  5 spectral wolf spiders (Spider:4)
  20 manticores
  6 lindwurms
  A stone giant zombie (Depths:1)
  10 fauns
  A faun (shapeshifter) (Vaults:5)
  10 cyclopes
  12 moths of wrath
  6 meliai
  6 elephants
  12 merfolk sirens
  22 vault sentinels
  2 guardian serpents (shapeshifter)
  An eye of devastation (shapeshifter) (Vaults:5)
  12 water nymphs
  2 torpor snails (shapeshifter)
  2 gargoyles
  5 black mambas
  9 torpor snails
  A smoke demon (Depths:2)
  An orange demon (Lair:1)
  20 cane toads
  A moth of wrath (shapeshifter) (Depths:4)
  11 komodo dragons
  18 yaktaurs
  A spriggan zombie (Depths:1)
  3 unseen horrors
  2 kobold demonologists
  2 rime drakes (Lair:5)
  Maggie (D:6)
  An efreet (D:14)
  2 freezing wraiths
  9 tengu conjurers
  6 polar bears
  A queen bee (Spider:2)
  7 wind drakes
  3 trolls
  2 tyrant leeches (Zot:1)
  25 tarantellas
  3 hornets
  5 wolf spider simulacra (Spider:4)
  A merfolk (shapeshifter) (Vaults:5)
  17 merfolk
  6 snapping turtles
  A raiju (shapeshifter) (D:13)
  A hornet (shapeshifter) (D:12)
  15 blink frogs
  15 dream sheep
  40 jumping spiders
  A glass eye (Depths:1)
  28 culicivoras
  A jumping spider (shapeshifter) (Vaults:5)
  30 slime creatures
  3 shadows
  An air elemental (Elf:1)
  A culicivora (shapeshifter) (Vaults:5)
  5 wraiths
  3 vampires (Vaults:3)
  10 water elementals
  A spriggan (shapeshifter) (D:13)
  A wyvern (shapeshifter) (Vaults:5)
  4 wyverns
  54 yaks
  A golden eye (shapeshifter) (Elf:1)
  A hog (D:14)
  6 basilisks
  2 fire elementals (Elf:1)
  6 vampire mosquitoes
  2 steam dragons
  74 redbacks
  A redback (shapeshifter) (Elf:1)
  2 wargs
  3 acid dragons
  10 water moccasins
  2 ice beasts
  26 orc warriors
  2 laughing skulls (D:14)
  A sky beast (D:7)
  4 black bears
  5 ogres
  11 wolves
  4 centaurs
  A human skeleton (Vaults:4)
  5 kobold brigands
  16 bullfrogs
  A gnoll sergeant (D:11)
  2 scorpions
  2 glowing shapeshifter simulacra
  An earth elemental (Elf:1)
  A wight (D:7)
  28 killer bees
  7 electric eels
  8 howler monkeys
  Crazy Yiuf (D:7)
  3 hounds
  28 orc priests
  3 bombardier beetles
  A gnoll bouda (D:7)
  A jelly (D:4)
  Jessica (D:3)
  2 iguanas
  32 orc wizards
  2 hell rats (Lair:5)
  13 gnolls
  8 adders
  3 shadow imps
  A white imp (D:8)
  A ribbon worm (D:5)
  A dart slug (D:4)
  73 orcs
  14 endoplasms
  3 giant cockroaches
  6 goblins
  6 hobgoblins
  8 quokkas
  4 ball pythons
  4 bats
  A frilled lizard (D:1)
  31 kobolds
  3 rats
  A butterfly (Lair:4)
  3 tentacles (Shoals:2)
1895 creatures vanquished.

Vanquished Creatures (collateral kills)
  Mara (Spider:3)
  Boris (Depths:2)
  A tentacled monstrosity (Zot:4)
  A storm dragon (Depths:4)
  A frost giant (Vaults:5)
  A draconian scorcher (Zot:4)
  A cacodemon (Depths:2)
  A green draconian (Depths:4)
  A black draconian (Depths:4)
  An entropy weaver (Spider:4)
  A merfolk javelineer (Shoals:4)
  A centaur warrior (D:14)
  A demonic crawler (Spider:4)
  A deep elf archer (Elf:1)
  A steelbarb worm (Spider:4)
  A yaktaur (Vaults:5)
  3 merfolk (Shoals:4)
  4 dream sheep (Lair:5)
  2 jumping spiders
  A water elemental (Elf:1)
  4 redbacks (Spider:3)
30 creatures vanquished.

Vanquished Creatures (others)
  A red draconian (Zot:1)
  A rakshasa (Depths:4)
  2 deep elf zephyrmancers (Elf:1)
  A merfolk (Shoals:3)
  A water elemental (Depths:2)
  3 humans (D:14)
  3 orcs
  3 tentacles (Shoals:2)
15 creatures vanquished.

Grand Total: 1940 creatures vanquished

Notes
Turn   | Place    | Note
-------+----------+-------------------------------------------
     0 | D:1      | hernaldog the Minotaur Berserker began the quest for the
                  | Orb.
     0 | D:1      | Reached XP level 1. HP: 19/19 MP: 0/0
   142 | D:1      | Reached XP level 2. HP: 26/26 MP: 1/1
   551 | D:1      | Reached skill level 5 in Axes
   725 | D:2      | Reached XP level 3. HP: 27/31 MP: 2/2
   801 | D:2      | Found a faded altar of an unknown god.
   949 | D:2      | Reached ** piety under Trog
  1230 | D:2      | Reached XP level 4. HP: 39/39 MP: 3/3
  1404 | D:3      | Noticed Jessica
  1415 | D:3      | Killed Jessica
  1526 | D:3      | Reached XP level 5. HP: 40/45 MP: 4/4
  1719 | D:3      | Found a blossoming altar of Fedhas.
  1795 | D:3      | Found an ornate altar of the Wu Jian Council.
  1840 | D:3      | Found a transporter.
  1840 | D:3      | Found Efakhoal's General Store.
  1862 | D:3      | Found a transporter.
  2220 | D:4      | Found a staircase to the Ecumenical Temple.
  2301 | D:4      | Noticed a black bear
  2312 | D:4      | Killed a black bear
  2313 | D:4      | Reached XP level 6. HP: 51/51 MP: 5/5
  2859 | D:4      | Found a snail-covered altar of Cheibriados.
  3375 | D:5      | Entered Level 5 of the Dungeon
  3452 | D:5      | Found Zuobrad's Magic Scroll Boutique.
  3462 | D:5      | Bought a scroll of butterflies for 56 gold pieces
  3462 | D:5      | Bought a scroll of identify for 28 gold pieces
  3484 | D:5      | Found a hide-covered altar of Uskayaw.
  4365 | D:6      | Noticed Maggie
  4384 | D:6      | Killed Maggie
  4385 | D:6      | Reached skill level 10 in Axes
  4385 | D:6      | Reached XP level 7. HP: 27/57 MP: 6/6
  5477 | D:7      | Reached XP level 8. HP: 56/64 MP: 7/7
  5872 | D:7      | Found a glowing silver altar of Zin.
  6217 | D:7      | Found a runed translucent door.
  6218 | D:7      | Noticed Crazy Yiuf
  6223 | D:7      | Killed Crazy Yiuf
  7110 | D:8      | Found Bueschuv's Distillery.
  7313 | D:7      | Reached *** piety under Trog
  7314 | D:7      | Reached XP level 9. HP: 50/70 MP: 8/8
  7656 | D:7      | Reached skill level 15 in Axes
  7706 | D:8      | Bought 2 potions of curing for 66 gold pieces
  7707 | D:8      | Identified the +1 chain mail of Peek-a-Boo {Str+2}
  8273 | D:9      | Found a sparkling altar of Nemelex Xobeh.
  8431 | D:9      | Noticed a kobold demonologist
  8436 | D:9      | Noticed an orange demon
  8438 | D:9      | Killed a kobold demonologist
  8989 | D:9      | Reached skill level 1 in Throwing
  8989 | D:9      | Reached skill level 1 in Evocations
  9210 | D:9      | Noticed a manticore
  9222 | D:9      | Killed a manticore
  9223 | D:9      | Reached skill level 5 in Dodging
  9223 | D:9      | Reached XP level 10. HP: 77/77 MP: 9/9
  9689 | D:10     | Entered Level 10 of the Dungeon
  9872 | D:10     | Noticed a gargoyle
  9880 | D:10     | Killed a gargoyle
 10374 | D:10     | Noticed Harold
 10395 | D:10     | Killed Harold
 10396 | D:10     | Reached skill level 5 in Fighting
 10630 | D:10     | Noticed a manticore
 10640 | D:10     | Killed a manticore
 10641 | D:10     | Reached skill level 5 in Armour
 10642 | D:10     | Reached skill level 6 in Fighting
 10642 | D:10     | Noticed a death knight
 10642 | D:10     | Noticed a centaur warrior
 10642 | D:10     | Noticed a cyan ugly thing
 10655 | D:10     | Noticed a death knight
 10831 | D:10     | Noticed a red ugly thing
 10848 | D:10     | Killed a cyan ugly thing
 10849 | D:10     | Reached skill level 7 in Fighting
 10863 | D:10     | Killed a red ugly thing
 10868 | D:10     | Noticed an orange demon
 10946 | D:10     | Reached XP level 11. HP: 78/94 MP: 10/10
 11145 | D:10     | Killed a centaur warrior
 11146 | D:10     | Reached skill level 8 in Fighting
 11398 | D:10     | Noticed a boulder beetle
 11431 | D:10     | Killed a boulder beetle
 11432 | D:10     | Reached skill level 9 in Fighting
 11717 | D:10     | Killed a death knight
 11958 | D:10     | Killed a death knight
 12329 | D:10     | Identified the ring "Qupuac" {rF+ rC+ Dex+3}
 12899 | D:5      | Bought a scroll of identify for 28 gold pieces
 12899 | D:5      | Bought a scroll of identify for 28 gold pieces
 13221 | D:11     | Paralysed by a hornet for 1 turns
 13225 | D:11     | Reached skill level 10 in Fighting
 13762 | D:11     | Reached skill level 10 in Armour
 13786 | D:11     | Noticed a two-headed ogre
 13794 | D:11     | Killed a two-headed ogre
 13847 | D:11     | Noticed a centaur warrior
 13855 | D:11     | Killed a centaur warrior
 13856 | D:11     | Reached skill level 11 in Fighting
 14164 | D:11     | Found a staircase to the Lair.
 14285 | D:11     | Found a snail-covered altar of Cheibriados.
 14743 | D:11     | Reached **** piety under Trog
 14935 | D:11     | Reached XP level 12. HP: 88/110 MP: 11/11
 15222 | D:11     | Found a staircase to the Orcish Mines.
 15431 | D:11     | Identified the +1 war axe "Odwuguv" {venom, rPois Str+2
                  | Dex+3}
 16226 | D:11     | Noticed a two-headed ogre
 16236 | D:11     | Killed a two-headed ogre
 16820 | D:12     | Noticed a two-headed ogre
 16831 | D:12     | Killed a two-headed ogre
 16923 | D:12     | Noticed a two-headed ogre
 16937 | D:12     | Killed a two-headed ogre
 16938 | D:12     | Reached skill level 5 in Throwing
 17265 | D:12     | Found a portal to a secret trove of treasure.
 17416 | D:12     | Reached skill level 5 in Evocations
 18334 | Orc:1    | Entered Level 1 of the Orcish Mines
 18383 | Orc:2    | Entered Level 2 of the Orcish Mines
 18598 | Orc:2    | Found a staircase to the Elven Halls.
 18900 | Orc:2    | Noticed an orc high priest
 19070 | Orc:1    | Killed an orc high priest
 19944 | Orc:2    | Paralysed by an orc sorcerer for 3 turns
 20245 | Orc:1    | Reached ***** piety under Trog
 20356 | Orc:2    | Noticed an orc high priest
 21068 | Orc:2    | Killed an orc high priest
 21142 | Orc:2    | Noticed an orc high priest
 21231 | Orc:1    | Reached skill level 10 in Dodging
 21338 | Orc:1    | Killed an orc high priest
 21476 | Orc:2    | Noticed an orc warlord
 21482 | Orc:2    | Reached XP level 13. HP: 97/111 MP: 12/12
 21605 | Orc:2    | Killed an orc warlord
 22139 | Orc:2    | Received a gift from Trog
 22245 | Orc:2    | Found Jeturana's General Store.
 22246 | Orc:2    | Found Taelloe's Book Emporium.
 22248 | Orc:2    | Found Demoih's Antique Armour Emporium.
 22248 | Orc:2    | Found Pueha's Antique Weapon Shoppe.
 22266 | Orc:2    | Bought a scroll of enchant armour for 105 gold pieces
 22266 | Orc:2    | Bought a scroll of identify for 28 gold pieces
 22808 | Orc:1    | You fall into a shaft and drop 1 floor!
 23066 | Lair:1   | Entered Level 1 of the Lair of Beasts
 23100 | Lair:1   | Noticed Gastronok
 23131 | Lair:1   | Killed Gastronok
 23498 | Lair:1   | Noticed Nergalle
 23511 | Lair:1   | Killed Nergalle
 23512 | Lair:1   | Reached skill level 10 in Throwing
 23512 | Lair:1   | Reached skill level 1 in Shields
 23671 | Lair:1   | Noticed Amaemon
 23684 | Lair:1   | Killed Amaemon
 24042 | Lair:1   | Noticed Sonja
 24055 | Lair:1   | Killed Sonja
 25034 | Lair:2   | Found a staircase to the Shoals.
 25204 | Lair:2   | Reached skill level 5 in Shields
 25740 | Lair:2   | Identified the +3 scale mail of Niriyfuck {+Inv rF+ Will+}
 25944 | Lair:2   | Found a hole to the Spider Nest.
 26840 | Lair:3   | Reached XP level 14. HP: 117/124 MP: 13/13
 27102 | Lair:3   | Identified the +1 scale mail "Yremubut" {*Corrode rPois
                  | Regen+}
 27375 | Lair:3   | You fall into a shaft and drop 2 floors!
 27375 | Lair:5   | Entered Level 5 of the Lair of Beasts
 27640 | Lair:4   | Received a gift from Trog
 27810 | Lair:4   | Found a viscous altar of Jiyva.
 27810 | Lair:4   | Found a staircase to the Slime Pits.
 29515 | Orc:2    | Bought a jewelled cloak for 266 gold pieces
 29515 | Orc:2    | Identified the +0 cloak of Gluttony {^Contam rPois Will+}
                  | (You bought it in a shop on level 2 of the Orcish Mines)
 30031 | Lair:4   | Reached skill level 10 in Shields
 30366 | Lair:5   | Received a gift from Trog
 30590 | Lair:4   | Reached skill level 10 in Evocations
 31678 | Lair:5   | Reached XP level 15. HP: 51/129 MP: 14/14
 32003 | Lair:5   | Received a gift from Trog
 33218 | D:12     | Reached skill level 15 in Shields
 33529 | D:13     | Found a flickering gateway to a bazaar.
 33823 | D:13     | Found a gate to the Vaults.
 34420 | D:14     | Found Otakuts's Antique Armour Shop.
 34523 | D:14     | Noticed Kirke
 34525 | D:14     | Upgraded the game from 0.31.0-4-g52a2dc7128 to
                  | 0.31.0-7-gf635a9b802
 34532 | D:14     | Killed Kirke
 35418 | D:14     | Noticed Jorgrun
 35431 | D:14     | Killed Jorgrun
 35542 | D:14     | Noticed Roxanne
 35579 | D:14     | Killed Roxanne
 36358 | D:15     | Entered Level 15 of the Dungeon
 36817 | D:15     | Reached XP level 16. HP: 137/137 MP: 15/15
 37179 | D:15     | Found a staircase to the Depths.
 37486 | Spider:1 | Entered Level 1 of the Spider Nest
 37787 | Spider:1 | Identified the +6 hand axe "Reasonable Earthworm" {flame,
                  | rC+ Str+4} (Trog gifted it to you on level 1 of the Spider
                  | Nest)
 37787 | Spider:1 | Received a gift from Trog
 39257 | Spider:2 | Received a gift from Trog
 39688 | Spider:2 | Reached skill level 12 in Fighting
 40681 | Spider:3 | Noticed Arachne
 41314 | Spider:2 | Killed Arachne
 41579 | Spider:2 | Upgraded the game from 0.31.0-7-gf635a9b802 to
                  | 0.31.0-9-g3a7656b989
 41644 | Spider:2 | Identified the +1 war axe of Unreason {flame, rN++ Str+5
                  | Dex+3} (Trog gifted it to you on level 2 of the Spider
                  | Nest)
 41644 | Spider:2 | Received a gift from Trog
 42424 | Spider:3 | Noticed Mara
 42428 | Spider:3 | Noticed hernaldog's illusion
 42431 | Spider:3 | Killed Mara
 42432 | Spider:3 | Reached skill level 13 in Fighting
 42432 | Spider:3 | Reached XP level 17. HP: 149/149 MP: 16/16
 42512 | Spider:3 | Found a runed translucent gate.
 42512 | Spider:3 | Found a runed translucent gate.
 42512 | Spider:3 | Found a runed translucent gate.
 42526 | Spider:3 | Noticed croobank's ghost (adept FeSu)
 42915 | Spider:4 | Entered Level 4 of the Spider Nest
 43471 | Spider:4 | Noticed Donald
 43491 | Spider:4 | Killed Donald
 43492 | Spider:4 | Reached skill level 14 in Fighting
 43935 | Spider:4 | Identified the +8 short sword of Insufficient Pleasure
                  | {flame, rElec Dex+7} (Trog gifted it to you on level 4 of
                  | the Spider Nest)
 43935 | Spider:4 | Received a gift from Trog
 44604 | Spider:4 | Reached skill level 15 in Fighting
 45026 | Spider:4 | Identified the +1 hat of Musus {*Corrode Str+2 Int+3}
 45032 | Spider:4 | Got a gossamer rune of Zot
 45704 | Shoals:1 | Entered Level 1 of the Shoals
 45986 | Spider:4 | Reached skill level 15 in Armour
 45999 | Spider:4 | Received a gift from Trog
 46433 | Lair:2   | Upgraded the game from 0.31.0-9-g3a7656b989 to
                  | 0.31.0-10-gcf4a605ca0
 46525 | Shoals:1 | Reached XP level 18. HP: 155/166 MP: 17/17
 46619 | Shoals:1 | Reached skill level 16 in Fighting
 48832 | Shoals:3 | Noticed Ilsuiw
 48879 | Shoals:3 | Killed Ilsuiw
 48932 | Shoals:3 | Noticed Polyphemus
 49978 | Shoals:2 | Killed Polyphemus
 49979 | Shoals:2 | Reached skill level 17 in Fighting
 50258 | Shoals:3 | Received a gift from Trog
 51393 | Shoals:4 | Entered Level 4 of the Shoals
 51593 | Shoals:4 | Identified the serpent talisman of the Pits of Slime {rF+
                  | Int+3}
 51593 | Shoals:4 | Noticed Aizul
 51605 | Shoals:4 | Killed Aizul
 51980 | Shoals:4 | Received a gift from Trog
 53160 | Shoals:4 | Reached skill level 18 in Fighting
 53515 | Shoals:4 | Got a barnacled rune of Zot
 53889 | Vaults:1 | Entered Level 1 of the Vaults
 54723 | D:13     | Reached XP level 19. HP: 160/180 MP: 15/18
 56110 | Vaults:1 | Identified the +0 scale mail of the Elven Halls {SInv}
 56189 | Vaults:1 | Received a gift from Trog
 56260 | Vaults:1 | Found a huge runed translucent gate.
 56260 | Vaults:1 | Found a huge runed translucent gate.
 56260 | Vaults:1 | Found a huge runed translucent gate.
 56261 | Vaults:1 | Found a huge runed translucent gate.
 56305 | Vaults:1 | Found a huge runed translucent gate.
 56310 | Vaults:1 | Found a huge runed translucent gate.
 56310 | Vaults:1 | Found a huge runed translucent gate.
 56310 | Vaults:1 | Found a huge runed translucent gate.
 56310 | Vaults:1 | Found a huge runed translucent gate.
 56372 | Vaults:1 | Found a huge runed translucent gate.
 56372 | Vaults:1 | Found a huge runed translucent gate.
 56372 | Vaults:1 | Found a huge runed translucent gate.
 56372 | Vaults:1 | Found a huge runed translucent gate.
 56377 | Vaults:1 | Found a huge runed translucent gate.
 56378 | Vaults:1 | Found a huge runed translucent gate.
 56379 | Vaults:1 | Found a huge runed translucent gate.
 56379 | Vaults:1 | Found a huge runed translucent gate.
 56430 | Vaults:1 | Found a huge runed translucent gate.
 56431 | Vaults:1 | Found a huge runed translucent gate.
 56432 | Vaults:1 | Found a huge runed translucent gate.
 56433 | Vaults:1 | Found a huge runed translucent gate.
 56433 | Vaults:1 | Found a huge runed translucent gate.
 56437 | Vaults:1 | Found a huge runed translucent gate.
 56742 | Vaults:1 | Found a huge runed translucent gate.
 56742 | Vaults:1 | Found a huge runed translucent gate.
 56742 | Vaults:1 | Found a huge runed translucent gate.
 56742 | Vaults:1 | Found a huge runed translucent gate.
 56745 | Vaults:1 | Found a huge runed translucent gate.
 56746 | Vaults:1 | Found a huge runed translucent gate.
 56747 | Vaults:1 | Found a huge runed translucent gate.
 56747 | Vaults:1 | Found a huge runed translucent gate.
 56752 | Vaults:1 | Found a huge runed translucent gate.
 56753 | Vaults:1 | Found a huge runed translucent gate.
 56753 | Vaults:1 | Found a huge runed translucent gate.
 56753 | Vaults:1 | Found a huge runed translucent gate.
 56753 | Vaults:1 | Found a huge runed translucent gate.
 56759 | Vaults:1 | Reached skill level 19 in Fighting
 56822 | Vaults:1 | Noticed a hellephant
 56831 | Vaults:1 | Noticed a hellephant
 58083 | Vaults:2 | Upgraded the game from 0.31.0-10-gcf4a605ca0 to
                  | 0.31.0-11-ge490571c62
 58103 | Vaults:2 | Received a gift from Trog
 59664 | Vaults:2 | Reached skill level 20 in Fighting
 60197 | Vaults:2 | Received a gift from Trog
 60297 | Vaults:3 | Reached XP level 20. HP: 195/195 MP: 19/19
 60523 | Vaults:3 | You fall into a shaft and drop 1 floor!
 61173 | Vaults:4 | Reached skill level 21 in Fighting
 61522 | Vaults:4 | Found Esaip's Weapon Shop.
 61571 | Vaults:3 | Received a gift from Trog
 62307 | Vaults:3 | Found a staircase to the Crypt.
 62409 | Vaults:3 | Identified the +6 flail "Ruinlib" {freeze, rC+}
 63216 | Vaults:4 | Received a gift from Trog
 63304 | Vaults:4 | Reached skill level 22 in Fighting
 64180 | Vaults:5 | Entered Level 5 of the Vaults
 64377 | Vaults:5 | Noticed a dread lich
 65737 | Vaults:3 | Killed a dread lich
 65738 | Vaults:3 | Reached XP level 21. HP: 209/209 MP: 20/20
 66388 | Vaults:5 | Reached skill level 23 in Fighting
 66427 | Vaults:5 | Received a gift from Trog
 66789 | Vaults:5 | Noticed a dread lich
 66804 | Vaults:5 | Killed a dread lich
 67142 | Vaults:5 | Got a silver rune of Zot
 67143 | Vaults:5 | Identified the +3 dire flail "Fikhlur" {heavy, Will+ MP+9}
 67196 | Vaults:5 | Identified the +0 great mace "Plog" {flame, rElec rF+ Will+
                  | Str+2}
 67550 | Vaults:5 | Identified the +4 rapier of Bodily Harmony {antimagic,
                  | rPois rC+++ Dex-3 Stlth+}
 67663 | Vaults:5 | Noticed a golden dragon
 67686 | Vaults:5 | Killed a golden dragon
 67780 | Vaults:5 | Reached skill level 24 in Fighting
 68087 | Vaults:5 | Identified the ring of Azxunnan {rF+ rCorr}
 68104 | Vaults:5 | Identified the +7 battleaxe of the Whale {flame, rC+ SInv
                  | Stlth+}
 68973 | Crypt:1  | Entered Level 1 of the Crypt
 69166 | Depths:1 | Entered Level 1 of the Depths
 69296 | Depths:1 | Found Tanob's Armour Boutique.
 69494 | Depths:1 | Found Zuqump's Antique Armour Shop.
 69496 | Depths:1 | Found Omal Ack's Antique Armour Boutique.
 69615 | Depths:1 | Received a gift from Trog
 69878 | Depths:1 | Noticed a caustic shrike
 69902 | Depths:1 | Killed a caustic shrike
 69903 | Depths:1 | Reached XP level 22. HP: 191/224 MP: 21/21
 70163 | Depths:1 | Identified the +0 scale mail "Ehae" {rF+}
 70318 | Depths:1 | Found a gateway to Hell.
 70664 | D:8      | Bought a potion of might for 44 gold pieces
 70664 | D:8      | Bought a potion of curing for 33 gold pieces
 70664 | D:8      | Bought 2 potions of haste for 220 gold pieces
 70664 | D:8      | Bought a potion of heal wounds for 55 gold pieces
 70843 | D:3      | Bought a scroll of fear for 56 gold pieces
 71846 | Depths:1 | Received a gift from Trog
 72344 | Depths:2 | Found Guton Lio's Jewellery Emporium.
 74532 | Vaults:5 | Found Exococ's Magic Scroll Boutique.
 74537 | Vaults:5 | Found Sick's Distillery.
 74538 | Vaults:5 | Bought a scroll of brand weapon for 152 gold pieces
 74538 | Vaults:5 | Bought a scroll of enchant armour for 120 gold pieces
 74555 | Vaults:5 | Bought a potion of curing for 30 gold pieces
 74555 | Vaults:5 | Bought a potion of heal wounds for 50 gold pieces
 74590 | Vaults:5 | Found Lehecol's Magic Scroll Emporium.
 74595 | Vaults:5 | Bought a scroll of fog for 68 gold pieces
 74595 | Vaults:5 | Bought 2 scrolls of fear for 136 gold pieces
 74595 | Vaults:5 | Bought a scroll of fog for 68 gold pieces
 74804 | Vaults:5 | Identified the +0 battleaxe of Pacoos {speed, ^Fragile
                  | rCorr Str+3}
 75274 | Depths:2 | Found a hide-covered altar of Uskayaw.
 76123 | Depths:2 | Identified the +1 leather armour of Leiril {rC- Int+3 SInv}
 76419 | Depths:2 | Found a one-way gate leading to the halls of Pandemonium.
 77754 | Depths:2 | Received a gift from Trog
 78239 | Depths:2 | Found a radiant altar of Vehumet.
 78247 | Depths:2 | Reached skill level 25 in Fighting
 78272 | Depths:2 | Noticed Boris
 78282 | Depths:2 | Killed Boris
 78962 | Depths:3 | Noticed Xtahua
 78995 | Depths:3 | Killed Xtahua
 79203 | Depths:3 | Identified the +1 robe of Wuniedou {^Drain rPois Regen+}
 79399 | Depths:3 | Reached XP level 23. HP: 207/231 MP: 22/22
 79518 | Depths:3 | Found a one-way gate to the infinite horrors of the Abyss.
 79535 | Depths:3 | Noticed Boris
 79551 | Depths:3 | Killed Boris
 79551 | Depths:3 | Reached ****** piety under Trog
 79956 | Depths:3 | Received a gift from Trog
 79991 | Depths:2 | Bought the ring of Zodwomic {rN+ Will+ Int+6} for 950 gold
                  | pieces
 80380 | Depths:3 | Found Liremp's Jewellery Shop.
 80381 | Depths:3 | Found Rocievesm's Book Shoppe.
 80381 | Depths:3 | Found Bugyol's Book Shoppe.
 80536 | Depths:4 | Entered Level 4 of the Depths
 80961 | Elf:1    | Entered Level 1 of the Elven Halls
 80961 | Elf:1    | Noticed Norris
 81607 | Elf:1    | Killed Norris
 82236 | Elf:1    | Received a gift from Trog
 82497 | Elf:1    | Found Aptemoxu's Book Emporium.
 82533 | Elf:1    | Found Gadi's Antique Armour Shop.
 82662 | Elf:1    | Found Ishray's General Store.
 82711 | Elf:1    | Found a runed translucent gate.
 82712 | Elf:1    | Found a runed translucent gate.
 82712 | Elf:1    | Found a runed translucent gate.
 82715 | Elf:1    | Noticed Fijesust's ghost (adept MiBe)
 82715 | Elf:1    | Noticed Qebbeiho's ghost (adept OpSh)
 82738 | Elf:1    | Found Copunoef's Armour Boutique.
 83665 | Depths:4 | Noticed a juggernaut
 83701 | Depths:3 | Killed a juggernaut
 83811 | Depths:4 | Found a one-way gateway to a ziggurat.
 84846 | Elf:1    | Bought the +6 chain mail of Leapfrog {^Drain rElec Will++}
                  | for 739 gold pieces
 85383 | Depths:4 | Found a runed translucent gate.
 85386 | Depths:4 | Found a runed translucent gate.
 85386 | Depths:4 | Noticed Wjakstry's ghost (adept MiBe)
 85387 | Depths:4 | Found a runed translucent gate.
 85707 | Depths:4 | Found a gate to the Realm of Zot.
 85751 | Zot:1    | Entered Level 1 of the Realm of Zot
 90999 | Zot:2    | a glowing shapeshifter changed into a caustic shrike
 90999 | Zot:2    | Noticed a caustic shrike (glowing shapeshifter)
 91068 | Zot:2    | Received a gift from Trog
 91783 | Zot:3    | Reached XP level 24. HP: 184/245 MP: 22/22
 92070 | Zot:4    | Noticed an orb of fire
 92074 | Zot:4    | Gained mutation: You are dopey. (Int -2) [an orb of fire]
 92085 | Zot:4    | Killed an orb of fire
 92086 | Zot:4    | Reached skill level 26 in Fighting
 92468 | Zot:3    | Received a gift from Trog
 92961 | Depths:2 | Bought the amulet "Gaimikua" {Spirit rPois rCorr Dex-2} for
                  | 766 gold pieces
 93717 | Zot:5    | Entered Level 5 of the Realm of Zot
 93872 | Zot:5    | Found a runed translucent gate.
 93880 | Zot:5    | Found a runed translucent gate.
 93882 | Zot:5    | Found a runed translucent gate.
 93928 | Zot:5    | Noticed an orb of fire
 93953 | Zot:5    | Killed an orb of fire
 93961 | Zot:5    | Noticed Patrick2011b's ghost (veteran OnGl)
 94618 | Zot:5    | Reached skill level 15 in Dodging
 94836 | Zot:5    | Noticed an ancient lich
 94838 | Zot:5    | Noticed an orb of fire
 94838 | Zot:5    | Noticed an orb of fire
 94839 | Zot:5    | Noticed a Killer Klown
 94840 | Zot:5    | Noticed an orb of fire
 94842 | Zot:5    | Noticed an orb of fire
 94842 | Zot:5    | Noticed a Killer Klown
 94843 | Zot:5    | Noticed a Killer Klown
 94844 | Zot:5    | Noticed an orb of fire
 94845 | Zot:5    | Noticed a Killer Klown
 94967 | Zot:5    | Gained mutation: You are occasionally teleported next to
                  | monsters. [an orb of fire]
 94973 | Zot:4    | Gained mutation: Your spells are a little easier to cast,
                  | but a little less powerful. [an orb of fire]
 94996 | Zot:4    | Killed an orb of fire
 95247 | Zot:4    | Gained mutation: You expend magic power (3 MP) to
                  | strengthen your wands. [an orb of fire]
 95255 | Zot:4    | Lost intelligence.
 95255 | Zot:4    | Gained mutation: You are very dopey. (Int -4) [an orb of
                  | fire]
 95259 | Zot:4    | Gained mutation: You are clumsy. (Dex -2) [an orb of fire]
 95266 | Zot:4    | Gained mutation: Your magical capacity is low. (-10% MP)
                  | [an orb of fire]
 95268 | Zot:4    | HP: 7/245 [orb of fire/fireball (13)]
 95269 | Zot:4    | Killed from afar by an orb of fire

Illustrated notes

Levels and vault maps discovered:
D:1:      dpeg_arrival_tiny_a, layout_basic
D:2:      layout_rooms, hellmonk_ecumenical_altar_crossroads, chequers_avenue
D:3:      layout_basic, fedhas_altar_4, pdpol_wu_jian_five_deadly_venoms,
          serial_shops, nicolae_shop_drivethru, uniq_jessica
D:4:      layout_gridville, overflow_temple_1_default,
          minmay_temple_entry_junction
D:5:      layout_basic, lemuel_round_altar, serial_shops, shop_scrolls
D:6:      layout_loops_cross, uniq_maggie
D:7:      layout_cave_pods, kennysheep_little_box, kennysheep_generic_room_10,
          uniq_crazy_yiuf_cottage
D:8:      hangedman_cross_stitches, layout_rooms, serial_shops, shop,
          billiards_dpeg
D:9:      layout_basic, mainiacjoe_overflow_boulevard
D:10:     minmay_the_grid_triangle_9x9_recursive_2
          [minmay_the_grid_triangle_9x9_prize_top_heavy,
          minmay_the_grid_triangle_9x9_sprig,
          minmay_the_grid_triangle_9x9_windchime,
          minmay_the_grid_triangle_9x9_wacky_v], layout_rooms, serial_bayou,
          serial_bayou_shore_b, serial_bayou_shore_b, serial_bayou_lagoon_a,
          serial_bayou_pond_d, hangedman_decor_clover_reticule, uniq_harold
D:11:     layout_long_grid, minmay_lair_entry_grove, erik_orc_2,
          grunt_ministairs_13, slow_altar_2
D:12:     layout_stronghold, enter_trove_3, minivault_24
D:13:     layout_basic, david_vaults_2, serial_shops, bzr_entry_customers,
          minmay_alternating_orb
D:14:     layout_long_grid, serial_shops, shop, chequers_serial_rivers_small_a,
          uniq_jorgrun, uniq_kirke, uniq_roxanne
D:15:     gammafunk_enter_depths_forms, layout_basic,
          serial_library_hellmonk_room_c, grunt_decor_arrowhead,
          chequers_serial_rivers_micro_a
Lair:1:   layout_regular_city, uniq_sonja, uniq_gastronok, uniq_amaemon,
          uniq_nergalle
Lair:2:   layout_gridlike, minmay_shoals_entry_beasts,
          nicolae_spider_entry_tight_spaces
Lair:3:   cheibrodos_lair_river_kwai, layout_layer_cave, grunt_megastairs_2
Lair:4:   layout_misc_corridors, slime_entry_1, gauntlet_entry_generic,
          lemuel_fruit_fields
Lair:5:   evilmike_catoblepas_cave, layout_cave_shapes, enter_volcano_1,
          columned_hall_lemuel, st_stairs_5, fungi_pond_lemuel,
          serial_bayou_shore_a
Shoals:1: layout_shoals, nicolae_shoals_circle_sea_wall
Shoals:2: layout_shoals
Shoals:3: layout_shoals, nicolae_shoals_former_cling_halls, uniq_polyphemus,
          uniq_ilsuiw
Shoals:4: shoals_end_hangedman, layout_shoals, nicolae_shoals_land_atoll,
          uniq_aizul
Spider:1: layout_spider_delve
Spider:2: layout_chambers, special_room [special_room_bee]
Spider:3: layout_spider_delve, gammafunk_ghost_necromancy,
          einodemon_crawler_minivault, uniq_mara, uniq_arachne
Spider:4: grunt_spider_rune_parallel, nicolae_spider_undead_wolf_pack,
          uniq_donald
Orc:1:    layout_diamond_mine, serial_shops, shop
Orc:2:    st_orc_congregation, layout_diamond_mine, special_room
Elf:1:    nicolae_elf_arrival_fired_up, layout_gridlike,
          gammafunk_ghost_cemetery, serial_shops, nicolae_shop_advertising_works
          [nicolae_subvault_shop_adworks], shop, nicolae_shop_waterfront, shop,
          hangedman_elven_crosses_minicolossus, hangedman_elf_targeted_burst,
          nicolae_elf_elemental_lessons, uniq_norris
Vaults:1: nicolae_vaults_apartment_2, v_misc_27, not_door_vault_due, v_misc_10,
          ontoclasm_vaults_claustrophobia, v_rooms_6, ontoclasm_vaults_gateway,
          nicolae_vaults_storage_room_water, nicolae_vaults_shrinking_rooms_1,
          nicolae_vaults_trapezoid_1, vaults_room_corners,
          nicolae_vaults_storage_closets_2, layout_vaults_omnibox
Vaults:2: v_alt_pattern_1, nicolae_vaults_tetromino_Z_1, ontoclasm_vaults_pinch,
          ontoclasm_vaults_idyll, vaults_dpeg_emergency_exit, serial_ice_m,
          nicolae_vaults_wine_cellar, layout_vaults_omnigrid
Vaults:3: nicolae_vaults_three_branches, minmay_crypt_entry_vampire_xt,
          hangedman_vaults_impose, grunt_vaults_trifunnel,
          nicolae_vaults_house_2, v_rooms_3, nicolae_vaults_network_star,
          nicolae_vaults_turnstiles, grunt_vaults_funnel, vaults_room_pools,
          vaults_room_ringed_pool, nicolae_vaults_octothorpe,
          layout_vaults_maze_snakey
Vaults:4: nicolae_vaults_rhombus_5, vaults_dpeg_diagonal,
          nicolae_vaults_circle_grid_a, nicolae_vaults_quadrants,
          nicolae_vaults_trapezoid_1, nicolae_vaults_mini_display_case,
          nicolae_vaults_closet_pinwheel_3, nicolae_vaults_asterisk,
          v_pattern_5, nicolae_vaults_tangram_1, hangedman_vaults_maws,
          layout_vaults_ring, serial_shops, shop_fountains
Vaults:5
Crypt:1:  layout_misc_corridors
Depths:1: layout_gridlike, hell_entry, minmay_starry_boxes, minmay_shop_star,
          kennysheep_random_hallway
Depths:2: evilmike_halls_of_destruction, layout_gridlike,
          nicolae_uskayaw_dance_hall, pf_coc_iceberg, grunt_pan_entry_sceptre,
          nicolae_stop_n_shop_1, infiniplex_staircase_pool_2
Depths:3: kennysheep_cluttered_fort, layout_gridville,
          hangedman_decor_peaks_small, hell_entry, abyss_entry,
          minmay_shop_grove, firewood_loft, minmay_staircase_bubble, uniq_xtahua
Depths:4: evilmike_zot_entry_basic, layout_honeycomb, enter_ziggurat_e,
          abyss_entry, hangedman_abyss_or_decor_stagger,
          biasface_ghost_demon_polymorph, hellmouth_2, corexii_leaking_fountain
Zot:1:    kennysheep_room_grid, layout_basic, regret_index_zotdec_stipple_waver,
          uniq_tiamat
Zot:2:    gammafunk_sealed_arena, layout_onion_interference,
          hellmonk_formless_pools
Zot:3:    layout_basic, regret_index_zot_stipple_split
Zot:4:    layout_onion_interference
Zot:5:    layout_misc_corridors, gammafunk_ghost_tricky_traps

Skill      XL: |  1  2  3  4  5  6  7  8  9 10 11 12 13 14 15 16 17 18 19 20 21 22 23 24 |
---------------+-------------------------------------------------------------------------+-----
Axes           | 4 5 6 7 8 10 12 14 16 17 18 19 20 | 20.0
Dodging        | 5 6 10 11 13 14 15 | 15.0
Throwing       | 2 3 4 8 10 12 13 14 | 14.3
Evocations     | 1 2 3 5 7 10 | 10.0
Fighting       | 7 11 13 15 18 20 22 24 25 26 | 26.3
Armour         | 7 10 12 15 17 19 22 24 25 | 25.9
Shields        | 7 13 18 20 22 23 24 | 24.6

Action                     |  1- 3 |  4- 6 |  7- 9 | 10-12 | 13-15 | 16-18 | 19-21 | 22-24 || total
---------------------------+-------+-------+-------+-------+-------+-------+-------+-------++-------
  Melee: Hand axe          |    83 |   103 |   162 |   283 |       |    12 |       |       ||   643
         Headbutt          |     7 |    17 |    32 |   105 |   380 |   577 |   622 |   647 ||  2387
         Punch             |       |       |     3 |     9 |       |       |       |       ||    12
         Broad axe         |       |       |       |    24 |       |       |       |       ||    24
         War axe           |       |       |       |   203 |  1212 |  1941 |  1707 |  1642 ||  6705
         Flail             |       |       |       |       |    30 |       |       |       ||    30
   Fire: Sling             |       |    15 |       |       |       |       |       |       ||    15
  Throw: Boomerang         |       |     1 |     8 |    84 |    49 |   150 |    98 |   209 ||   599
         Dart              |       |       |       |    16 |     9 |     3 |     1 |     9 ||    38
         Javelin           |       |       |       |       |       |       |    15 |    18 ||    33
         Throwing net      |       |       |       |       |       |       |       |     1 ||     1
 Invoke: Berserk           |       |     1 |     3 |    12 |     6 |     4 |     3 |     5 ||    34
         Trog's Hand       |       |       |     1 |     2 |     1 |     2 |     9 |       ||    15
         Brothers in Arms  |       |       |       |       |     2 |     7 |     8 |     6 ||    23
  Evoke: Wand              |       |       |     5 |     3 |    18 |    19 |     8 |     6 ||    59
         Lightning rod     |       |       |       |       |       |     5 |     4 |     6 ||    15
    Use: Scroll            |       |     7 |     4 |    11 |    16 |     5 |    15 |    10 ||    68
         Potion            |       |       |       |     1 |     1 |     3 |     9 |    11 ||    25
   Stab: Distracted        |       |       |       |       |     1 |     2 |     2 |     1 ||     6
         Invisible         |       |       |       |       |     1 |       |       |       ||     1
         Fleeing           |       |       |       |       |       |       |     1 |       ||     1
 Armour: Animal skin       |    41 |     3 |       |       |       |       |       |       ||    44
         Chain mail        |       |    42 |   103 |   368 |   127 |       |       |   318 ||   958
         Scale mail        |       |       |       |       |   312 |   483 |   502 |   295 ||  1592
         Shadow dragon sca |       |       |       |       |       |       |       |     7 ||     7
         Gold dragon scale |       |       |       |       |       |       |       |     2 ||     2
  Dodge: Dodged            |    79 |    73 |   139 |   265 |   252 |   293 |   334 |   418 ||  1853
  Block: Tower shield      |       |       |       |   216 |  1172 |  2731 |  2175 |  2068 ||  8362
         Reflection        |       |       |       |       |    13 |    68 |    64 |    46 ||   191
